Islanders vs Canadiens (R1)

Created - December 18, 2020 at 20:23

Goals
1 2 3 T
Islanders 0 1 0 1
Canadiens 2 0 1 3
Shots
1 2 3 T
Islanders 7 13 10 30
Canadiens 13 6 5 24

1st period

1. Canadiens , Frans Nielsen 4 (Benoit Pouliot 11, Bryce Lampman 6) at 3:44 (PP)
2. Canadiens , Colton Parayko 1 (Henrik Sedin 14, David Pastrnak 10) at 9:54 (PP)

Penalties :
Dustin Byfuglien (NYI) for Hooking (Minor) at 2:45, Jiri Hudler (NYI) for Roughing (Minor) at 9:45, Evander Kane (NYI) for Interference (Minor) at 12:50, Jordan Szwarz (Mon) for Holding (Minor) at 16:39

2nd period

3. Islanders , Fedor Tyutin 3 (Ryan Ellis 28) at 2:40 (PP)

Penalties :
Cameron Gaunce (Mon) for Hooking (Minor) at 2:09, Greg Stewart (Mon) for Interference (Minor) at 8:49, David Legwand (NYI) for High sticking (Minor) at 13:31, Colton Parayko (Mon) for Slashing (Minor) at 15:56, Joe Thornton (NYI) for Roughing (Minor) at 19:35

3rd period

4. Canadiens , David Pastrnak 8 (Frans Nielsen 11, Raphael Diaz 3) at 11:39

Penalties :
Adam Pineault (NYI) for Hooking (Minor) at 3:51, Mark Stuart (Mon) for Interference (Minor) at 16:57

Goalie Stats

Jonathan Quick (NYI), 21 saves from 24 shots - (0.875), L, 14-7-0, 60:00 minutes
Kristers Gudlevskis (Mon), 29 saves from 30 shots - (0.967), W, 8-8-4, 60:00 minutes

Players Stats for Islanders

Player Name              G  A  P  +/- PIM S  H  SB GA TA FO     MP     PP MP  PK MP  
------------------------------------------------------------------------------------
Adam Pineault            0  0  0  -1  2   0  1  0  1  0  1/1     7:59   0:04   0:00 
David Legwand            0  0  0   0  2   2  1  1  0  0  6/9    17:22   3:41   1:58 
Dustin Byfuglien         0  0  0   0  2   1  1  0  0  1  0/0    20:19   3:50   2:59 
Evander Kane             0  0  0   0  2   5  1  1  0  0  1/1    22:04   4:42   4:33 
Fedor Tyutin             1  0  1  -1  0   2  5  1  0  1  0/0    26:56   4:37   6:05 
Jiri Hudler              0  0  0   0  2   0  1  0  0  0  1/3    14:56   3:41   0:00 
Joe Thornton             0  0  0   0  2   2  1  0  0  0  10/24  19:38   4:31   1:58 
Justin Falk              0  0  0   0  0   0  0  2  0  0  0/0    12:44   0:00   0:00 
Maxim Talbot             0  0  0   0  0   2  1  1  0  0  3/8    10:23   0:04   0:00 
Mike Brown               0  0  0   0  0   2  1  0  0  0  1/1    12:35   0:00   2:31 
R.J. Umberger            0  0  0   0  0   0  0  0  0  0  0/0    10:37   0:15   0:00 
Ryan Ellis               0  1  1  -1  0   3  4  2  1  0  0/0    26:56   4:37   6:05 
T.J. Fast                0  0  0   0  0   0  1  0  1  0  0/0    20:20   3:50   2:59 
Tomas Fleischmann        0  0  0   0  0   5  0  0  0  0  1/1    14:54   3:41   0:00 
Tomas Kundratek          0  0  0   0  0   0  1  1  0  0  0/0    12:44   0:00   0:00 
Tomas Plekanec           0  0  0  -1  0   1  2  0  0  0  2/3     7:36   0:00   0:00 
Vladimir Tarasenko       0  0  0   0  0   2  0  1  2  0  6/11   23:24   4:42   5:52 
Zac Rinaldo              0  0  0  -1  0   3  1  0  0  0  0/0     9:23   0:00   1:16 

Players Stats for Canadiens

Player Name              G  A  P  +/- PIM S  H  SB GA TA FO     MP     PP MP  PK MP  
------------------------------------------------------------------------------------
Benoit Pouliot           0  1  1   0  0   3  1  0  1  0  1/1    20:04   3:33   3:10 
Brett Maclean            0  0  0   0  0   1  0  1  1  0  0/1    13:13   0:00   1:48 
Bryce Lampman            0  1  1   0  0   1  1  1  0  0  0/0    26:14   6:19   4:38 
Cameron Gaunce           0  0  0   0  2   0  1  0  0  0  0/0    14:58   0:06   1:29 
Colton Parayko           1  0  1   0  2   1  3  3  0  2  0/0    27:01   6:19   3:38 
Corey Perry              0  0  0   0  0   1  1  0  0  0  3/6    21:04   3:33   4:41 
David Pastrnak           1  1  2   1  0   5  1  0  0  0  0/0    16:32   5:25   0:00 
Dustin Boyd              0  0  0   0  0   1  1  0  0  0  2/3     8:16   0:06   0:53 
Frans Nielsen            1  1  2   1  0   5  2  0  0  0  7/12   14:35   3:33   0:00 
Greg Stewart             0  0  0   1  2   0  1  0  0  0  1/3    18:24   5:31   1:46 
Henrik Sedin             0  1  1   0  0   2  0  0  0  0  14/30  22:30   5:25   4:36 
Jordan Szwarz            0  0  0   0  2   2  0  0  0  0  0/0     7:34   0:06   0:00 
Mark Stuart              0  0  0   0  2   0  2  1  0  1  0/0    21:09   2:45   3:08 
Nick Spaling             0  0  0   0  0   0  0  0  0  0  0/0     7:11   0:00   0:00 
Philip Larsen            0  0  0   1  0   0  0  0  0  0  0/0    11:59   0:00   0:00 
Pierre-Marc Bouchard     0  0  0   0  0   0  2  0  0  0  2/6    10:51   0:00   0:00 
Raphael Diaz             0  1  1   1  0   0  0  0  0  1  0/0    19:02   2:39   4:01 
Steve Downie             0  0  0   0  0   2  2  0  0  1  0/0    10:51   0:00   0:00 

3 Stars

1 - Frans Nielsen (Mon)
2 - Kristers Gudlevskis (Mon)
3 - David Pastrnak (Mon)

Power Play

Islanders - 1 on 5 Attempt(s) - 20.00%
Canadiens - 2 on 6 Attempt(s) - 33.33%

Penalty Kill

Islanders - 4 on 6 Attempt(s) - 66.67% - Score 0 goal in Penalty Kill
Canadiens - 4 on 5 Attempt(s) - 80.00% - Score 0 goal in Penalty Kill

Team Stat

Islanders - Hits : 22 - Faceoff Wins : 32 - Blocked Shots : 10 - Penalty Minutes : 12
Canadiens - Hits : 18 - Faceoff Wins : 30 - Blocked Shots : 6 - Penalty Minutes : 10

Official

Referees : Unknown
Linesman : Unknown

Game Notes

No Game Note

Finance

Level 1 -- Attendance: 5933 (98.88%) -- Ticket Income $605,166
Level 2 -- Attendance: 4716 (94.32%) -- Ticket Income $311,256
Level 3 -- Attendance: 2000 (100.00%) -- Ticket Income $84,000
Level 4 -- Attendance: 3637 (90.93%) -- Ticket Income $101,836
Luxury Box -- Attendance: 1000 (100.00%) -- Ticket Income $182,000
Game was played at the Centre Bell.
Total Attendance: 17286 (96.03%)
Total Ticket Income: $1,284,258
Other Income: $192,639
Total Income: $1,476,897

Islanders

5 vs 5 Forward 
   Center                   Left Wing                Right Wing               Time % Phy DF OF 
 1 Joe Thornton             Evander Kane             Vladimir Tarasenko       40     1   2  2  
 2 David Legwand            Tomas Fleischmann        Jiri Hudler              30     1   2  2  
 3 Maxim Talbot             R.J. Umberger            Mike Brown               20     1   2  2  
 4 Tomas Plekanec           Zac Rinaldo              Adam Pineault            10     1   2  2  

5 vs 5 Defense 
   Defense                  Defense                                           Time % Phy DF OF 
 1 Ryan Ellis               Fedor Tyutin                                      40     1   2  2  
 2 T.J. Fast                Dustin Byfuglien                                  30     1   2  2  
 3 Tomas Kundratek          Justin Falk                                       20     1   2  2  
 4 Ryan Ellis               Fedor Tyutin                                      10     1   2  2  

PowerPlay Forward 
   Center                   Left Wing                Right Wing               Time % Phy DF OF 
 1 Joe Thornton             Evander Kane             Vladimir Tarasenko       60     1   2  2  
 2 David Legwand            Tomas Fleischmann        Jiri Hudler              40     1   2  2  

PowerPlay Defense
   Defense                  Defense                                           Time % Phy DF OF 
 1 Ryan Ellis               Fedor Tyutin                                      60     1   2  2  
 2 T.J. Fast                Dustin Byfuglien                                  40     1   2  2  

Penalty Kill 4 Players Forward 
   Center                   Wing                     Time % Phy DF OF 
 1 Vladimir Tarasenko       Evander Kane             60     1   2  2  
 2 Joe Thornton             David Legwand            40     1   2  2  

Penalty Kill 4 Players Defense
   Defense                  Defense                  Time % Phy DF OF 
 1 Ryan Ellis               Fedor Tyutin             60     1   2  2  
 2 T.J. Fast                Dustin Byfuglien         40     1   2  2  

Penalty Kill - 3 Players Forward 
   Forward                                           Time % Phy DF OF 
 1 Vladimir Tarasenko                                60     1   2  2  
 2 Evander Kane                                      40     1   2  2  

Penalty Kill - 3 Players Defense
   Defense                  Defense                  Time % Phy DF OF 
 1 Ryan Ellis               Fedor Tyutin             60     1   2  2  
 2 T.J. Fast                Dustin Byfuglien         40     1   2  2  

4 vs 4 Forward 
   Center                   Wing                     Time % Phy DF OF 
 1 Vladimir Tarasenko       Evander Kane             60     1   2  2  
 2 Joe Thornton             David Legwand            40     1   2  2  

4 vs 4 Defense
   Defense                  Defense                  Time % Phy DF OF 
 1 Ryan Ellis               Fedor Tyutin             60     1   2  2  
 2 T.J. Fast                Dustin Byfuglien         40     1   2  2  

Last Minutes Offensive
   Center                   Left Wing                Right Wing               Defense                  Defense                  
   Joe Thornton             Evander Kane             Vladimir Tarasenko       Ryan Ellis               Fedor Tyutin             

Last Minutes Defensive
   Center                   Left Wing                Right Wing               Defense                  Defense                  
   Joe Thornton             Evander Kane             Vladimir Tarasenko       Ryan Ellis               Fedor Tyutin             

Goaltenders
Starting : Jonathan Quick           
Backup : Julien Ellis             

Extra Forwards
Normal : R.J. Umberger, Maxim Talbot, Mike Brown - PP : R.J. Umberger, Maxim Talbot - PK : Mike Brown
Extra Defensemen
Normal : Tomas Kundratek, Justin Falk, T.J. Fast - PP : Tomas Kundratek - PK : Justin Falk, T.J. Fast
Penalty Shots
Vladimir Tarasenko, Evander Kane, Joe Thornton, David Legwand, Tomas Fleischmann

Scratches
Carl Klingberg (Healthy), Jay Bouwmeester (Sore Right Knee Injury), Cade Fairchild (Healthy)

Canadiens

5 vs 5 Forward 
   Center                   Left Wing                Right Wing               Time % Phy DF OF 
 1 Henrik Sedin             Benoit Pouliot           Corey Perry              40     0   1  4  
 2 Frans Nielsen            Greg Stewart             David Pastrnak           30     0   1  4  
 3 Pierre-Marc Bouchard     Brett Maclean            Steve Downie             20     0   2  3  
 4 Dustin Boyd              Nick Spaling             Jordan Szwarz            10     0   3  2  

5 vs 5 Defense 
   Defense                  Defense                                           Time % Phy DF OF 
 1 Colton Parayko           Mark Stuart                                       40     0   2  3  
 2 Bryce Lampman            Cameron Gaunce                                    30     0   3  2  
 3 Philip Larsen            Raphael Diaz                                      20     0   3  2  
 4 Colton Parayko           Bryce Lampman                                     10     0   3  2  

PowerPlay Forward 
   Center                   Left Wing                Right Wing               Time % Phy DF OF 
 1 Henrik Sedin             Greg Stewart             David Pastrnak           60     0   0  5  
 2 Frans Nielsen            Benoit Pouliot           Corey Perry              40     0   0  5  

PowerPlay Defense
   Defense                  Defense                                           Time % Phy DF OF 
 1 Colton Parayko           Bryce Lampman                                     60     0   1  4  
 2 Mark Stuart              Raphael Diaz                                      40     0   1  4  

Penalty Kill 4 Players Forward 
   Center                   Wing                     Time % Phy DF OF 
 1 Corey Perry              Henrik Sedin             60     1   3  1  
 2 Greg Stewart             Benoit Pouliot           40     1   3  1  

Penalty Kill 4 Players Defense
   Defense                  Defense                  Time % Phy DF OF 
 1 Colton Parayko           Bryce Lampman            60     1   3  1  
 2 Mark Stuart              Raphael Diaz             40     1   3  1  

Penalty Kill - 3 Players Forward 
   Forward                                           Time % Phy DF OF 
 1 Corey Perry                                       60     1   4  0  
 2 Henrik Sedin                                      40     1   4  0  

Penalty Kill - 3 Players Defense
   Defense                  Defense                  Time % Phy DF OF 
 1 Colton Parayko           Bryce Lampman            60     1   4  0  
 2 Mark Stuart              Raphael Diaz             40     1   4  0  

4 vs 4 Forward 
   Center                   Wing                     Time % Phy DF OF 
 1 Corey Perry              Henrik Sedin             60     0   2  3  
 2 Greg Stewart             Benoit Pouliot           40     0   2  3  

4 vs 4 Defense
   Defense                  Defense                  Time % Phy DF OF 
 1 Colton Parayko           Bryce Lampman            60     0   2  3  
 2 Mark Stuart              Raphael Diaz             40     0   2  3  

Last Minutes Offensive
   Center                   Left Wing                Right Wing               Defense                  Defense                  
   Henrik Sedin             Greg Stewart             Corey Perry              Colton Parayko           Bryce Lampman            

Last Minutes Defensive
   Center                   Left Wing                Right Wing               Defense                  Defense                  
   Henrik Sedin             Greg Stewart             Corey Perry              Colton Parayko           Bryce Lampman            

Goaltenders
Starting : Kristers Gudlevskis      
Backup : Allen York               

Extra Forwards
Normal : Corey Perry, David Pastrnak, Brett Maclean - PP : Corey Perry, David Pastrnak - PK : Brett Maclean
Extra Defensemen
Normal : Philip Larsen, Cameron Gaunce, Mark Stuart - PP : Philip Larsen - PK : Cameron Gaunce, Mark Stuart
Penalty Shots
Corey Perry, Henrik Sedin, Greg Stewart, Benoit Pouliot, Frans Nielsen

Scratches
Nikolai Zherdev (Healthy), Viktor Stalberg (Healthy)

% Time on Ice - Islanders

Lines # - Real PCT - Wanted PCT - Time Play
Normal Forward
1 - 32% - 40% - 13:28
2 - 27% - 30% - 11:34
3 - 23% - 20% - 9:51
4 - 18% - 10% - 7:36
Normal Defense
1 - 37% - 40% - 15:31
2 - 32% - 30% - 13:31
3 - 30% - 20% - 12:44
4 - 2% - 10% - 0:43
PP Forward
1 - 56% - 60% - 4:46
2 - 44% - 40% - 3:41
PP Defense
1 - 55% - 60% - 4:37
2 - 45% - 40% - 3:50
PK Forward
1 - 74% - 60% - 6:43
2 - 26% - 40% - 2:21
PK Defense
1 - 67% - 60% - 6:05
2 - 33% - 40% - 2:59
PK3 Forward
1 - 0% - 60%
2 - 0% - 40%
PK3 Defense
1 - 0% - 60%
2 - 0% - 40%
44 Forward
1 - 0% - 60%
2 - 0% - 40%
44 Defense
1 - 0% - 60%
2 - 0% - 40%
Last Minute Offensive  - 0:00
Last Minute Defensive  - 0:00
Total
Forward - 60:00
Defense - 60:00

% Time on Ice - Canadiens

Lines # - Real PCT - Wanted PCT - Time Play
Normal Forward
1 - 31% - 40% - 13:20
2 - 26% - 30% - 11:07
3 - 26% - 20% - 10:51
4 - 17% - 10% - 7:11
Normal Defense
1 - 32% - 40% - 13:40
2 - 36% - 30% - 15:15
3 - 23% - 20% - 9:50
4 - 9% - 10% - 3:44
PP Forward
1 - 61% - 60% - 5:31
2 - 39% - 40% - 3:33
PP Defense
1 - 70% - 60% - 6:19
2 - 30% - 40% - 2:45
PK Forward
1 - 79% - 60% - 6:39
2 - 21% - 40% - 1:48
PK Defense
1 - 57% - 60% - 4:49
2 - 43% - 40% - 3:38
PK3 Forward
1 - 0% - 60%
2 - 0% - 40%
PK3 Defense
1 - 0% - 60%
2 - 0% - 40%
44 Forward
1 - 0% - 60%
2 - 0% - 40%
44 Defense
1 - 0% - 60%
2 - 0% - 40%
Last Minute Offensive  - 0:00
Last Minute Defensive  - 0:00
Total
Forward - 60:00
Defense - 60:00

Play-by-Play

1st period


0:01 of 1st period - Henrik Sedin wins face-off versus Joe Thornton in neutral zone.
0:12 of 1st period - Slapshot by Benoit Pouliot.
0:12 of 1st period - Shot Misses the Net.
0:26 of 1st period - Colton Parayko is hit by Ryan Ellis.
0:34 of 1st period - Snap shot by David Pastrnak.
0:34 of 1st period - Stopped by Jonathan Quick without a rebound.
0:35 of 1st period - Pierre-Marc Bouchard wins face-off versus Maxim Talbot in Islanders zone.
0:42 of 1st period - Snap shot by Pierre-Marc Bouchard.
0:42 of 1st period - Shot Misses the Net.
0:44 of 1st period - Snap shot by Steve Downie.
0:44 of 1st period - Stopped by Jonathan Quick without a rebound.
0:45 of 1st period - Pierre-Marc Bouchard wins face-off versus Maxim Talbot in Islanders zone.
1:22 of 1st period - Wrist shot by Steve Downie.
1:22 of 1st period - Shot Blocked by Maxim Talbot.
2:45 of 1st period - Minor Penalty to Dustin Byfuglien for Hooking.
2:46 of 1st period - Vladimir Tarasenko wins face-off versus Henrik Sedin in Islanders zone.
3:19 of 1st period - Corey Perry is hit by Fedor Tyutin and loses puck.
3:37 of 1st period - David Legwand is hit by Corey Perry and loses puck.
3:44 of 1st period - Wrist shot by Frans Nielsen.
3:44 of 1st period - Goal by Frans Nielsen - Islanders : 0 - Canadiens : 1.
3:45 of 1st period - Frans Nielsen wins face-off versus David Legwand in neutral zone.
3:50 of 1st period - Snap shot by David Pastrnak.
3:50 of 1st period - Shot Blocked by David Legwand.
3:52 of 1st period - Slapshot by Mark Stuart.
3:52 of 1st period - Deflect By Frans Nielsen.
3:52 of 1st period - Stopped by Jonathan Quick with a rebound.
3:54 of 1st period - Wrist shot by Frans Nielsen.
3:54 of 1st period - Stopped by Jonathan Quick without a rebound.
3:55 of 1st period - Frans Nielsen wins face-off versus David Legwand in Islanders zone.
4:46 of 1st period - Tomas Fleischmann is hit by Colton Parayko and loses puck.
5:55 of 1st period - Wrist shot by David Pastrnak.
5:55 of 1st period - Stopped by Jonathan Quick without a rebound.
5:56 of 1st period - Henrik Sedin wins face-off versus Joe Thornton in Islanders zone.
6:01 of 1st period - Backhand shot by Corey Perry.
6:01 of 1st period - Stopped by Jonathan Quick with a rebound.
6:11 of 1st period - Wrist shot by Benoit Pouliot.
6:11 of 1st period - Stopped by Jonathan Quick without a rebound.
6:12 of 1st period - Joe Thornton wins face-off versus Henrik Sedin in Islanders zone.
6:27 of 1st period - Snap shot by Vladimir Tarasenko.
6:27 of 1st period - Shot Blocked by Bryce Lampman.
7:07 of 1st period - Snap shot by Mike Brown.
7:07 of 1st period - Stopped by Kristers Gudlevskis with a rebound.
7:35 of 1st period - Nick Spaling is hit by Ryan Ellis and loses puck.
7:51 of 1st period - Icing by Mike Brown.
7:52 of 1st period - Maxim Talbot wins face-off versus Brett Maclean in Islanders zone.
7:57 of 1st period - Bryce Lampman is hit by Fedor Tyutin.
8:15 of 1st period - Off-side.
8:16 of 1st period - Tomas Plekanec wins face-off versus Henrik Sedin in neutral zone.
8:31 of 1st period - Wrist shot by Zac Rinaldo.
8:31 of 1st period - Shot Misses the Net.
8:53 of 1st period - Evander Kane is hit by Mark Stuart and loses puck.
9:03 of 1st period - Off-side.
9:04 of 1st period - Frans Nielsen wins face-off versus Jiri Hudler in neutral zone.
9:10 of 1st period - Slapshot by Bryce Lampman.
9:10 of 1st period - Shot Misses the Net.
9:12 of 1st period - Snap shot by Frans Nielsen.
9:12 of 1st period - Stopped by Jonathan Quick with a rebound.
9:14 of 1st period - Snap shot by Frans Nielsen.
9:14 of 1st period - Stopped by Jonathan Quick with a rebound.
9:16 of 1st period - Snap shot by Greg Stewart.
9:16 of 1st period - Deflect By Frans Nielsen.
9:16 of 1st period - Shot Misses the Net.
9:16 of 1st period - Puck is out of play.
9:17 of 1st period - Evander Kane wins face-off versus Henrik Sedin in Islanders zone.
9:45 of 1st period - Minor Penalty to Jiri Hudler for Roughing.
9:46 of 1st period - Henrik Sedin wins face-off versus Vladimir Tarasenko in Islanders zone.
9:52 of 1st period - Snap shot by Henrik Sedin.
9:52 of 1st period - Shot Blocked by Fedor Tyutin.
9:54 of 1st period - Slapshot by Colton Parayko.
9:54 of 1st period - Goal by Colton Parayko - Islanders : 0 - Canadiens : 2.
9:55 of 1st period - Henrik Sedin wins face-off versus Joe Thornton in neutral zone.
10:02 of 1st period - Slapshot by Benoit Pouliot.
10:02 of 1st period - Stopped by Jonathan Quick without a rebound.
10:03 of 1st period - Benoit Pouliot wins face-off versus Joe Thornton in Islanders zone.
10:24 of 1st period - Slapshot by Fedor Tyutin.
10:24 of 1st period - Shot Misses the Net.
10:26 of 1st period - Slapshot by Evander Kane.
10:26 of 1st period - Shot Misses the Net.
10:28 of 1st period - Slapshot by Ryan Ellis.
10:28 of 1st period - Shot Blocked by Colton Parayko.
10:30 of 1st period - Snap shot by Ryan Ellis.
10:30 of 1st period - Stopped by Kristers Gudlevskis with a rebound.
10:32 of 1st period - Wrist shot by Joe Thornton.
10:32 of 1st period - Stopped by Kristers Gudlevskis without a rebound.
10:33 of 1st period - David Legwand wins face-off versus Frans Nielsen in Canadiens zone.
10:38 of 1st period - Snap shot by Tomas Fleischmann.
10:38 of 1st period - Stopped by Kristers Gudlevskis without a rebound.
10:39 of 1st period - David Legwand wins face-off versus Frans Nielsen in Canadiens zone.
10:42 of 1st period - Snap shot by Tomas Fleischmann.
10:42 of 1st period - Stopped by Kristers Gudlevskis without a rebound.
10:43 of 1st period - David Legwand wins face-off versus Frans Nielsen in Canadiens zone.
10:46 of 1st period - Snap shot by Tomas Fleischmann.
10:46 of 1st period - Stopped by Kristers Gudlevskis with a rebound.
10:50 of 1st period - Snap shot by David Legwand.
10:50 of 1st period - Shot Blocked by Colton Parayko.
10:52 of 1st period - Wrist shot by David Legwand.
10:52 of 1st period - Stopped by Kristers Gudlevskis without a rebound.
10:53 of 1st period - Joe Thornton wins face-off versus Henrik Sedin in Canadiens zone.
11:04 of 1st period - Snap shot by Evander Kane.
11:04 of 1st period - Shot Hit the Post.
11:52 of 1st period - Snap shot by R.J. Umberger.
11:52 of 1st period - Shot Misses the Net.
11:54 of 1st period - Snap shot by Mike Brown.
11:54 of 1st period - Shot Misses the Net.
12:05 of 1st period - Off-side.
12:06 of 1st period - Frans Nielsen wins face-off versus Tomas Plekanec in neutral zone.
12:13 of 1st period - Backhand shot by David Pastrnak.
12:13 of 1st period - Shot Misses the Net.
12:21 of 1st period - Snap shot by Frans Nielsen.
12:21 of 1st period - Shot Blocked by Tomas Kundratek.
12:50 of 1st period - Minor Penalty to Evander Kane for Interference.
12:51 of 1st period - Henrik Sedin wins face-off versus Vladimir Tarasenko in Islanders zone.
13:06 of 1st period - Snap shot by Bryce Lampman.
13:06 of 1st period - Stopped by Jonathan Quick without a rebound.
13:07 of 1st period - Vladimir Tarasenko wins face-off versus Greg Stewart in Islanders zone.
13:14 of 1st period - Slapshot by Vladimir Tarasenko.
13:14 of 1st period - Shot Blocked by Colton Parayko.
13:16 of 1st period - Snap shot by Vladimir Tarasenko.
13:16 of 1st period - Shot Misses the Net.
13:18 of 1st period - Wrist shot by Mike Brown.
13:18 of 1st period - Deflect By Vladimir Tarasenko.
13:18 of 1st period - Deflect By Henrik Sedin.
13:18 of 1st period - Shot Misses the Net.
13:18 of 1st period - Puck is out of play.
13:19 of 1st period - Mike Brown wins face-off versus Henrik Sedin in Canadiens zone.
14:36 of 1st period - Greg Stewart is hit by David Legwand and loses puck.
14:50 of 1st period - Penalty to Evander Kane is over, Evander Kane is back on ice.
15:05 of 1st period - Mike Brown is hit by Mark Stuart and loses puck.
15:12 of 1st period - Mark Stuart is hit by Tomas Kundratek and loses puck.
15:25 of 1st period - Tomas Kundratek is hit by Cameron Gaunce and loses puck.
16:19 of 1st period - Corey Perry is hit by Mike Brown and loses puck.
16:39 of 1st period - Minor Penalty to Jordan Szwarz for Holding.
16:40 of 1st period - Corey Perry wins face-off versus Joe Thornton in Canadiens zone.
16:56 of 1st period - Snap shot by Evander Kane.
16:56 of 1st period - Shot Misses the Net.
18:39 of 1st period - Penalty to Jordan Szwarz is over, Jordan Szwarz is back on ice.
19:00 of 1st period - Cameron Gaunce is hit by Adam Pineault and loses puck.
19:23 of 1st period - Justin Falk is hit by Pierre-Marc Bouchard.
19:47 of 1st period - Icing by Joe Thornton.
19:48 of 1st period - Greg Stewart wins face-off versus Joe Thornton in Islanders zone.
Goals for this period are 0 for Islanders vs 2 for Canadiens.
Shots for this period are 7 for Islanders vs 13 for Canadiens.

2nd period


0:01 of 2nd period - Henrik Sedin wins face-off versus Joe Thornton in neutral zone.
1:33 of 2nd period - Dustin Byfuglien is hit by Colton Parayko and loses puck.
1:52 of 2nd period - Benoit Pouliot is hit by Zac Rinaldo and loses puck.
2:09 of 2nd period - Minor Penalty to Cameron Gaunce for Hooking.
2:10 of 2nd period - Joe Thornton wins face-off versus Corey Perry in Canadiens zone.
2:17 of 2nd period - Wrist shot by Evander Kane.
2:17 of 2nd period - Deflect By Vladimir Tarasenko.
2:17 of 2nd period - Stopped by Kristers Gudlevskis without a rebound.
2:18 of 2nd period - Joe Thornton wins face-off versus Corey Perry in Canadiens zone.
2:21 of 2nd period - Wrist shot by Vladimir Tarasenko.
2:21 of 2nd period - Shot Misses the Net.
2:23 of 2nd period - Slapshot by Joe Thornton.
2:23 of 2nd period - Shot Misses the Net.
2:25 of 2nd period - Slapshot by Dustin Byfuglien.
2:25 of 2nd period - Shot Misses the Net.
2:27 of 2nd period - Wrist shot by Joe Thornton.
2:27 of 2nd period - Shot Misses the Net.
2:29 of 2nd period - Snap shot by Evander Kane.
2:29 of 2nd period - Stopped by Kristers Gudlevskis without a rebound.
2:30 of 2nd period - Corey Perry wins face-off versus Joe Thornton in Canadiens zone.
2:30 of 2nd period - Corey Perry is hit by Evander Kane.
2:40 of 2nd period - Slapshot by Fedor Tyutin.
2:40 of 2nd period - Goal by Fedor Tyutin - Islanders : 1 - Canadiens : 2.
2:41 of 2nd period - Henrik Sedin wins face-off versus Joe Thornton in neutral zone.
3:07 of 2nd period - Snap shot by Pierre-Marc Bouchard.
3:07 of 2nd period - Shot Misses the Net.
3:09 of 2nd period - Wrist shot by Bryce Lampman.
3:09 of 2nd period - Shot Misses the Net.
3:11 of 2nd period - Snap shot by Brett Maclean.
3:11 of 2nd period - Stopped by Jonathan Quick without a rebound.
3:12 of 2nd period - Tomas Fleischmann wins face-off versus Pierre-Marc Bouchard in Islanders zone.
3:12 of 2nd period - Tomas Fleischmann is hit by Steve Downie.
3:36 of 2nd period - Icing by Bryce Lampman.
3:37 of 2nd period - Maxim Talbot wins face-off versus Henrik Sedin in Canadiens zone.
3:50 of 2nd period - Snap shot by Benoit Pouliot.
3:50 of 2nd period - Deflect By Henrik Sedin.
3:50 of 2nd period - Stopped by Jonathan Quick without a rebound.
3:51 of 2nd period - Henrik Sedin wins face-off versus Joe Thornton in Islanders zone.
3:58 of 2nd period - Slapshot by Benoit Pouliot.
3:58 of 2nd period - Shot Blocked by Evander Kane.
4:08 of 2nd period - Snap shot by Evander Kane.
4:08 of 2nd period - Stopped by Kristers Gudlevskis with a rebound.
4:43 of 2nd period - Brett Maclean is hit by Tomas Plekanec and loses puck.
6:05 of 2nd period - Steve Downie is hit by Ryan Ellis and loses puck.
6:10 of 2nd period - Snap shot by Zac Rinaldo.
6:10 of 2nd period - Stopped by Kristers Gudlevskis without a rebound.
6:11 of 2nd period - Adam Pineault wins face-off versus Pierre-Marc Bouchard in Canadiens zone.
6:18 of 2nd period - Snap shot by Zac Rinaldo.
6:18 of 2nd period - Stopped by Kristers Gudlevskis without a rebound.
6:19 of 2nd period - Henrik Sedin wins face-off versus Joe Thornton in Canadiens zone.
6:23 of 2nd period - Off-side.
6:24 of 2nd period - Joe Thornton wins face-off versus Henrik Sedin in neutral zone.
6:33 of 2nd period - Slapshot by Fedor Tyutin.
6:33 of 2nd period - Stopped by Kristers Gudlevskis with a rebound.
6:51 of 2nd period - Colton Parayko is hit by Fedor Tyutin and loses puck.
8:02 of 2nd period - Snap shot by Henrik Sedin.
8:02 of 2nd period - Shot Misses the Net.
8:04 of 2nd period - Wrist shot by Benoit Pouliot.
8:04 of 2nd period - Shot Blocked by Vladimir Tarasenko.
8:20 of 2nd period - Wrist shot by David Legwand.
8:20 of 2nd period - Stopped by Kristers Gudlevskis without a rebound.
8:21 of 2nd period - Frans Nielsen wins face-off versus Jiri Hudler in Canadiens zone.
8:21 of 2nd period - Frans Nielsen is hit by Jiri Hudler.
8:28 of 2nd period - Off-side.
8:29 of 2nd period - Frans Nielsen wins face-off versus Joe Thornton in neutral zone.
8:42 of 2nd period - Slapshot by David Pastrnak.
8:42 of 2nd period - Stopped by Jonathan Quick with a rebound.
8:49 of 2nd period - Minor Penalty to Greg Stewart for Interference.
8:50 of 2nd period - Joe Thornton wins face-off versus Corey Perry in Canadiens zone.
9:16 of 2nd period - Colton Parayko is hit by Fedor Tyutin and loses puck.
10:17 of 2nd period - Icing by Tomas Fleischmann.
10:18 of 2nd period - Jiri Hudler wins face-off versus Dustin Boyd in Islanders zone.
10:49 of 2nd period - Penalty to Greg Stewart is over, Greg Stewart is back on ice.
11:31 of 2nd period - Wrist shot by Zac Rinaldo.
11:31 of 2nd period - Stopped by Kristers Gudlevskis with a rebound.
11:33 of 2nd period - Slapshot by Dustin Byfuglien.
11:33 of 2nd period - Shot Misses the Net.
11:40 of 2nd period - Icing by Frans Nielsen.
11:41 of 2nd period - David Legwand wins face-off versus Pierre-Marc Bouchard in Canadiens zone.
11:54 of 2nd period - Snap shot by Tomas Fleischmann.
11:54 of 2nd period - Stopped by Kristers Gudlevskis with a rebound.
12:12 of 2nd period - Slapshot by Raphael Diaz.
12:12 of 2nd period - Shot Blocked by Ryan Ellis.
12:14 of 2nd period - Snap shot by Henrik Sedin.
12:14 of 2nd period - Shot Misses the Net.
12:16 of 2nd period - Snap shot by Benoit Pouliot.
12:16 of 2nd period - Stopped by Jonathan Quick with a rebound.
12:18 of 2nd period - Slapshot by Philip Larsen.
12:18 of 2nd period - Shot Misses the Net.
13:31 of 2nd period - Minor Penalty to David Legwand for High sticking.
13:32 of 2nd period - Henrik Sedin wins face-off versus Vladimir Tarasenko in Islanders zone.
13:43 of 2nd period - Slapshot by David Pastrnak.
13:43 of 2nd period - Stopped by Jonathan Quick without a rebound.
13:44 of 2nd period - Henrik Sedin wins face-off versus Vladimir Tarasenko in Islanders zone.
13:59 of 2nd period - Snap shot by Greg Stewart.
13:59 of 2nd period - Shot Misses the Net.
14:29 of 2nd period - T.J. Fast is hit by Frans Nielsen and loses puck.
15:31 of 2nd period - Penalty to David Legwand is over, David Legwand is back on ice.
15:38 of 2nd period - Joe Thornton is hit by Pierre-Marc Bouchard and loses puck.
15:53 of 2nd period - Wrist shot by Joe Thornton.
15:53 of 2nd period - Stopped by Kristers Gudlevskis without a rebound.
15:54 of 2nd period - Dustin Boyd wins face-off versus Maxim Talbot in Canadiens zone.
15:56 of 2nd period - Minor Penalty to Colton Parayko for Slashing.
15:57 of 2nd period - Corey Perry wins face-off versus Joe Thornton in Canadiens zone.
15:57 of 2nd period - Corey Perry is hit by Ryan Ellis.
16:06 of 2nd period - Bryce Lampman is hit by Joe Thornton and loses puck.
17:20 of 2nd period - Fedor Tyutin is hit by Bryce Lampman.
17:42 of 2nd period - Mark Stuart is hit by T.J. Fast and loses puck.
17:56 of 2nd period - Penalty to Colton Parayko is over, Colton Parayko is back on ice.
18:09 of 2nd period - Slapshot by T.J. Fast.
18:09 of 2nd period - Shot Blocked by Brett Maclean.
18:11 of 2nd period - Slapshot by Dustin Byfuglien.
18:11 of 2nd period - Stopped by Kristers Gudlevskis with a rebound.
18:33 of 2nd period - Snap shot by Jordan Szwarz.
18:33 of 2nd period - Deflect By Mike Brown.
18:33 of 2nd period - Stopped by Jonathan Quick with a rebound.
19:28 of 2nd period - Off-side.
19:29 of 2nd period - Joe Thornton wins face-off versus Pierre-Marc Bouchard in neutral zone.
19:35 of 2nd period - Minor Penalty to Joe Thornton for Roughing.
19:36 of 2nd period - Vladimir Tarasenko wins face-off versus Henrik Sedin in Islanders zone.
19:45 of 2nd period - Wrist shot by Evander Kane.
19:45 of 2nd period - Stopped by Kristers Gudlevskis with a rebound.
Goals for this period are 1 for Islanders vs 0 for Canadiens.
Shots for this period are 13 for Islanders vs 6 for Canadiens.

3rd period


0:01 of 3rd period - Vladimir Tarasenko wins face-off versus Henrik Sedin in neutral zone.
0:14 of 3rd period - Snap shot by Evander Kane.
0:14 of 3rd period - Stopped by Kristers Gudlevskis without a rebound.
0:15 of 3rd period - Henrik Sedin wins face-off versus Vladimir Tarasenko in Canadiens zone.
0:28 of 3rd period - Icing by Bryce Lampman.
0:29 of 3rd period - Vladimir Tarasenko wins face-off versus Greg Stewart in Canadiens zone.
1:35 of 3rd period - Penalty to Joe Thornton is over, Joe Thornton is back on ice.
1:41 of 3rd period - Snap shot by Vladimir Tarasenko.
1:41 of 3rd period - Stopped by Kristers Gudlevskis with a rebound.
2:00 of 3rd period - Snap shot by Vladimir Tarasenko.
2:00 of 3rd period - Shot Blocked by Mark Stuart.
2:32 of 3rd period - Snap shot by Steve Downie.
2:32 of 3rd period - Stopped by Jonathan Quick without a rebound.
2:33 of 3rd period - David Legwand wins face-off versus Henrik Sedin in Islanders zone.
2:46 of 3rd period - Backhand shot by Benoit Pouliot.
2:46 of 3rd period - Deflect By Henrik Sedin.
2:46 of 3rd period - Stopped by Jonathan Quick with a rebound.
2:48 of 3rd period - Slapshot by Bryce Lampman.
2:48 of 3rd period - Shot Misses the Net.
2:50 of 3rd period - Slapshot by Cameron Gaunce.
2:50 of 3rd period - Shot Hit the Post.
3:00 of 3rd period - Wrist shot by Dustin Boyd.
3:00 of 3rd period - Stopped by Jonathan Quick without a rebound.
3:01 of 3rd period - Dustin Boyd wins face-off versus Maxim Talbot in Islanders zone.
3:26 of 3rd period - Wrist shot by Maxim Talbot.
3:26 of 3rd period - Stopped by Kristers Gudlevskis without a rebound.
3:27 of 3rd period - Tomas Plekanec wins face-off versus Henrik Sedin in Canadiens zone.
3:32 of 3rd period - Wrist shot by Zac Rinaldo.
3:32 of 3rd period - Shot Misses the Net.
3:51 of 3rd period - Minor Penalty to Adam Pineault for Hooking.
3:52 of 3rd period - Vladimir Tarasenko wins face-off versus Henrik Sedin in Islanders zone.
4:18 of 3rd period - Evander Kane is hit by Benoit Pouliot and loses puck.
5:48 of 3rd period - Dustin Byfuglien is hit by Dustin Boyd and loses puck.
5:51 of 3rd period - Penalty to Adam Pineault is over, Adam Pineault is back on ice.
6:25 of 3rd period - Snap shot by Jordan Szwarz.
6:25 of 3rd period - Shot Blocked by Justin Falk.
6:27 of 3rd period - Snap shot by Mark Stuart.
6:27 of 3rd period - Shot Blocked by Justin Falk.
6:29 of 3rd period - Slapshot by Jordan Szwarz.
6:29 of 3rd period - Stopped by Jonathan Quick with a rebound.
6:31 of 3rd period - Backhand shot by Jordan Szwarz.
6:31 of 3rd period - Shot Misses the Net.
6:57 of 3rd period - Justin Falk is hit by Frans Nielsen and loses puck.
7:12 of 3rd period - Colton Parayko is hit by Maxim Talbot and loses puck.
7:38 of 3rd period - Philip Larsen is hit by Tomas Plekanec and loses puck.
8:03 of 3rd period - Snap shot by David Pastrnak.
8:03 of 3rd period - Shot Misses the Net.
8:38 of 3rd period - Slapshot by Ryan Ellis.
8:38 of 3rd period - Stopped by Kristers Gudlevskis without a rebound.
8:39 of 3rd period - Joe Thornton wins face-off versus Frans Nielsen in Canadiens zone.
9:37 of 3rd period - Slapshot by Maxim Talbot.
9:37 of 3rd period - Stopped by Kristers Gudlevskis without a rebound.
9:38 of 3rd period - Joe Thornton wins face-off versus Henrik Sedin in Canadiens zone.
10:05 of 3rd period - Dustin Byfuglien is hit by David Pastrnak and loses puck.
10:38 of 3rd period - T.J. Fast is hit by Steve Downie and loses puck.
11:39 of 3rd period - Snap shot by David Pastrnak.
11:39 of 3rd period - Goal by David Pastrnak - Islanders : 1 - Canadiens : 3.
11:40 of 3rd period - Joe Thornton wins face-off versus Henrik Sedin in neutral zone.
12:08 of 3rd period - Wrist shot by Pierre-Marc Bouchard.
12:08 of 3rd period - Shot Misses the Net.
13:31 of 3rd period - Wrist shot by Evander Kane.
13:31 of 3rd period - Stopped by Kristers Gudlevskis without a rebound.
13:32 of 3rd period - Frans Nielsen wins face-off versus David Legwand in Canadiens zone.
13:39 of 3rd period - Snap shot by Greg Stewart.
13:39 of 3rd period - Shot Blocked by Ryan Ellis.
14:08 of 3rd period - Slapshot by Ryan Ellis.
14:08 of 3rd period - Stopped by Kristers Gudlevskis with a rebound.
14:45 of 3rd period - Frans Nielsen is hit by Dustin Byfuglien and loses puck.
14:58 of 3rd period - Backhand shot by Zac Rinaldo.
14:58 of 3rd period - Deflect By Tomas Plekanec.
14:58 of 3rd period - Stopped by Kristers Gudlevskis with a rebound.
15:36 of 3rd period - Mike Brown is hit by Colton Parayko and loses puck.
16:03 of 3rd period - Wrist shot by Tomas Fleischmann.
16:03 of 3rd period - Stopped by Kristers Gudlevskis with a rebound.
16:21 of 3rd period - Slapshot by David Pastrnak.
16:21 of 3rd period - Shot Misses the Net.
16:24 of 3rd period - Icing by David Legwand.
16:25 of 3rd period - David Legwand wins face-off versus Frans Nielsen in Islanders zone.
16:57 of 3rd period - Minor Penalty to Mark Stuart for Interference.
16:58 of 3rd period - Henrik Sedin wins face-off versus Joe Thornton in Canadiens zone.
16:58 of 3rd period - Henrik Sedin is hit by Fedor Tyutin.
18:03 of 3rd period - T.J. Fast is hit by Greg Stewart and loses puck.
18:57 of 3rd period - Penalty to Mark Stuart is over, Mark Stuart is back on ice.
19:03 of 3rd period - Icing by Mark Stuart.
19:04 of 3rd period - Maxim Talbot wins face-off versus Henrik Sedin in Canadiens zone.
19:05 of 3rd period - Snap shot by Mike Brown.
19:05 of 3rd period - Stopped by Kristers Gudlevskis without a rebound.
19:06 of 3rd period - Henrik Sedin wins face-off versus Maxim Talbot in Canadiens zone.
Goals for this period are 0 for Islanders vs 1 for Canadiens.
Shots for this period are 10 for Islanders vs 5 for Canadiens.